 Dungeon Crawl Stone Soup version 0.31-a0-844-gdc52ec4e09 (webtiles) character file.

Game seed: 18438107796814302410

153 IdlyInterested the Grave Robber (level 5, 0/42 HPs)
             Began as a Demonspawn Wanderer on Sept 29, 2023.
             Killed from afar by a white imp (13 damage)
             ... with a puff of frost
             ... summoned by Eustachio
             ... on level 4 of the Dungeon.
             The game lasted 00:07:21 (2405 turns).

IdlyInterested the Grave Robber (DsWn)              Turns: 2405, Time: 00:07:21

Health: 0/42       AC:  9    Str: 18    XL:     5   Next: 12%
Magic:  9/9        EV:  7    Int: 17    God:
Gold:   30         SH:  0    Dex: 11    Spells: 10/10 levels left

rFire   . . .        t - +0 spear
rCold   . . .        (no shield)
rNeg    . . .        f - +0 chain mail
rPois   .            (helmet restricted)
rElec   .            l - +0 cloak
rCorr   .            (no gloves)
SInv    .            (no boots)
Will    .....        (no amulet) Stlth
                     e - +6 ring of strength
HPRegen 0.27/turn    (no ring)
MPRegen 0.11/turn

%: no passive effects
@: no status effects
A: antennae 1, claws 1, weakness stinger 1
a: no special abilities


You were on level 4 of the Dungeon.
You visited 1 branch of the dungeon, and saw 5 of its levels.

You collected 63 gold pieces.
You spent 33 gold pieces at shops.

Inventory:

Hand Weapons
 a - a +0 dagger
 n - a +0 rapier
 p - a +0 mace
 t - a +0 spear (weapon)
 u - a +0 dagger
Missiles
 j - 4 stones (quivered)
 k - 4 atropa-tipped darts
Armour
 c - a +0 robe
 f - a +0 chain mail (worn)
 i - a +0 ring mail
 l - a +0 cloak (worn)
Jewellery
 e - a +6 ring of strength (left claw)
Wands
 o - a wand of mindburst (13)
 q - a wand of polymorph (6)
Scrolls
 b - a scroll of fear
 g - a scroll of revelation {unknown}
 h - a scroll of identify {unknown}
 m - a scroll of teleportation {unknown}
 s - a scroll of enchant armour {unknown}
Potions
 d - a potion of attraction
 r - a potion of lignification {unknown}
 v - a potion of might {unknown}


   Skills:
 - Level 4.0 Fighting
 - Level 1.0 Armour
 - Level 1.0 Dodging
 + Level 0.7 Stealth
 * Level 0.5 Unarmed Combat
 - Level 3.0 Spellcasting
 - Level 2.0 Summonings
 - Level 4.0 Necromancy
 - Level 1.0 Evocations


You had 10 spell levels left.
You didn't know any spells.
Your spell library contained the following spells:

 Spells                   Type           Power      Damage    Failure   Level
 Kiss of Death            Conj/Necr      36%        2d8       63%         1
 Summon Small Mammal      Summ           36%        N/A       63%         1
 Summon Guardian Golem    Hex/Summ       5%         N/A       98%         3
 Animate Dead             Necr           16%        N/A       98%         4
 Dispel Undead            Necr           16%        3d10      98%         4


Dungeon Overview and Level Annotations

Branches:
Dungeon (5/15)
 Temple: D:4-7

Altars:

Shops:
D:1 !=

Annotations:
D:4 Eustachio


Innate Abilities, Weirdness & Mutations

You have a pair of small antennae on your head.
You have sharp fingernails.
You have a small tail.


Message History

The puff of frost hits you!
You hit Eustachio but do no damage.
Eustachio is moderately wounded.
Eustachio gestures wildly while chanting.
Eustachio blinks!
The white imp hits you but does no damage.
You closely miss the bat. The bat hits you.
Eustachio casts a spell.
Eustachio blinks!
The bat hits you but does no damage. The white imp barely misses you.
Eustachio gestures wildly while chanting.
You hit the bat.
Your tail-slap misses the bat.
The bat is moderately wounded.
The bat hits you but does no damage. x2
The white imp gestures at you. The puff of frost hits you.
You barely miss the bat. You tail-slap the bat.
You kill the bat!
The bat's corpse disappears in a puff of smoke!
The bat hits you but does no damage. The bat closely misses you.
The white imp gestures at you. The puff of frost hits you.
The bat barely misses you.
You barely miss the bat. The bat hits you but does no damage.
The white imp hits you but does no damage.
You hit the bat.
You kill the bat!
The bat's corpse disappears in a puff of smoke!
The white imp hits you. The white imp freezes you.
Unknown command.
You closely miss the white imp.
The white imp hits you but does no damage.
The white imp barely misses you.
Eustachio gestures wildly while chanting.
Eustachio blinks!
Unknown command.
You hit the white imp but do no damage. The white imp hits you.
The white imp freezes you. The white imp gestures at you.
The puff of frost hits you!
You die...

###
@.#
#.#
#b#
#5#
#@#
#5#
#ยง#
#.#
#.#
#.#
.#
#.#
#.#
#.#
#.#
#.#
#.#
..


You could see Eustachio, 2 white imps and a bat (summoned).

Vanquished Creatures
  Natasha (thrice) (D:2)
  A gnoll (D:2)
  2 adders
  A worm (D:2)
  4 dart slugs
  4 bats
  6 endoplasms
  A giant cockroach (D:2)
  2 goblins
  5 hobgoblins
  4 quokkas
  3 ball pythons (D:1)
  3 frilled lizards
  4 rats (D:1)
43 creatures vanquished.

Notes
Turn   | Place    | Note
-------+----------+-------------------------------------------
     0 | D:1      | IdlyInterested the Demonspawn Wanderer began the quest for
                  | the Orb.
     0 | D:1      | IdlyInterested set off with the following items: a +0
                  | dagger, a scroll of fear, a +0 robe, a potion of
                  | attraction; and the following spells available to memorise:
                  | Summon Small Mammal, Kiss of Death, Summon Guardian Golem,
                  | Animate Dead, Dispel Undead.
     0 | D:1      | Reached XP level 1. HP: 16/16 MP: 4/4
    98 | D:1      | Found Lyemounk's Jewellery Boutique.
   171 | D:1      | Found Xoxuck's Distillery.
   292 | D:1      | Discovered your monstrous ancestry.
   292 | D:1      | Gained mutation: You have a small tail. [demonic ancestry]
   292 | D:1      | Reached XP level 2. HP: 22/22 MP: 6/6
  1033 | D:1      | Bought a potion of curing for 33 gold pieces
  1211 | D:2      | Reached XP level 3. HP: 28/28 MP: 7/7
  1225 | D:2      | Reached skill level 1 in Armour
  1251 | D:2      | Noticed Natasha
  1263 | D:2      | Killed Natasha
  1264 | D:2      | Reached skill level 1 in Evocations
  1379 | D:2      | Gained mutation: You have a pair of small antennae on your
                  | head. [demonic ancestry]
  1379 | D:2      | Reached XP level 4. HP: 35/35 MP: 8/8
  1380 | D:2      | Noticed Natasha
  1390 | D:2      | Killed Natasha
  1475 | D:2      | Noticed Natasha
  1492 | D:2      | Killed Natasha
  1493 | D:2      | Reached skill level 1 in Dodging
  1798 | D:2      | Gained mutation: You have sharp fingernails. [demonic
                  | ancestry]
  1798 | D:2      | Reached XP level 5. HP: 6/42 MP: 9/9
  2258 | D:3      | You fall into a shaft and drop 2 floors!
  2258 | D:5      | Entered Level 5 of the Dungeon
  2387 | D:4      | Noticed Eustachio
  2405 | D:4      | Killed from afar by a white imp

Illustrated notes

Levels and vault maps discovered:
D:1:      dpeg_arrival_long_road, layout_rooms, serial_shops, shop,
          nicolae_shop_tiny_real_fake_doors
D:2:      layout_basic, uniq_natasha
D:3:      layout_basic, gammafunk_temple_overflow_claw,
          ebering_ecumenical_altar_box
D:4:      minmay_evil_eye, layout_loops_ring, grunt_dithmenos_smoke,
          uniq_eustachio
D:5:      layout_loops_ring, kennysheep_flooded_box, uniq_menkaure

Skill      XL: |  1  2  3  4 |
---------------+-------------+-----
Necromancy     | 4 |  4.0
Armour         | 1 |  1.0
Fighting       | 3 4 |  4.0
Evocations     | 1 |  1.0
Dodging        | 1 |  1.0
Stealth        | |  0.7
Unarmed Combat | |  0.5
Spellcasting   | |  3.0
Summonings     | |  2.0

Action                     |  1- 3 |  4- 6 || total
---------------------------+-------+-------++-------
  Melee: Dagger            |   136 |       ||   136
         Punch             |     2 |       ||     2
         Tailslap          |    17 |     4 ||    21
         Mace              |     4 |    32 ||    36
         Unarmed           |       |    18 ||    18
         Spear             |       |    36 ||    36
  Throw: Stone             |       |     4 ||     4
         Dart              |       |     1 ||     1
  Evoke: Wand              |     2 |     3 ||     5
    Use: Potion            |     1 |       ||     1
   Stab: Sleeping          |     1 |       ||     1
 Armour: Chain mail        |   105 |    99 ||   204
         Skin              |       |     7 ||     7
  Dodge: Dodged            |    41 |    48 ||    89

Table legend: (Time is in decaauts)
 A = Elapsed time spent in this place.
 B = Non-inter-level travel time spent in this place.
 C = Inter-level travel time spent in this place.
 D = Time resting spent in this place.
 E = Time spent auto-exploring this place.
 F = Levels seen in this place.
 G = Mean time per level.
                   A        B        C        D        E       F      G
               +--------+--------+--------+--------+--------+-----+--------+
         Total |   2426 |   2026 |    400 |    624 |    845 |   5 |  485.2 |
       Dungeon |   2426 |   2026 |    400 |    624 |    845 |   5 |  485.2 |
               +--------+--------+--------+--------+--------+-----+--------+

Top non-repeatable levels by time:
     D:2: 1200 daAuts
     D:1: 1052 daAuts
     D:5: 92 daAuts
     D:4: 57 daAuts
     D:3: 24 daAuts
